[Event "Late-Titled-Tuesday-Blitz-September-05-2023"]
[Site "Chess.com"]
[Date "2023.09.05"]
[Round "2"]
[White "ChEsper99"]
[Black "Gogolev_Artemy"]
[Result "0-1"]
[WhiteElo "2146"]
[BlackElo "2431"]
[TimeControl "180+1"]
[EndTime "14:14:35 PDT"]
[Termination "Gogolev_Artemy won by resignation"]

1. e4 c5 2. Nf3 e6 3. c3 d5 4. exd5 exd5 5. d4 Nc6 6. Bb5 Nf6 7. O-O Be7 8. dxc5 Bxc5 9. Re1+ Be6 10. Be3 Bxe3 11. Rxe3 O-O 12. h3 Qb6 13. Qb3 d4 14. Rxe6 fxe6 15. Qxe6+ Kh8 16. Nxd4 Rae8 17. Qb3 Nxd4 18.
cxd4 Re1+ 19. Kh2 Ne4 0-1

[Event "Late-Titled-Tuesday-Blitz-September-05-2023"]
[Site "Chess.com"]
[Date "2023.09.05"]
[Round "2"]
[White "Mariia89"]
[Black "vanyakuba"]
[Result "0-1"]
[WhiteElo "1965"]
[BlackElo "2405"]
[TimeControl "180+1"]
[EndTime "14:14:39 PDT"]
[Termination "vanyakuba won by resignation"]

1. d4 d5 2. c4 e6 3. Nc3 c5 4. cxd5 cxd4 5. Nf3 dxc3 6. bxc3 Qxd5 7. Qc2 Nc6 8. e4 Qa5 9. Bd2 Nf6 10. Bd3 Bc5 11. O-O a6 12. Rfe1 Ng4 13. Re2 Nge5 14. Nxe5 Nxe5 15. Kh1 Bd7 16. h3 Ba4 17. Qb1 Rd8 18. Bc2 Bb5 19. c4 Rxd2 20. Rxd2 Qxd2 21. cxb5 O-O 22. f4 Qxf4 0-1

[Event "Late-Titled-Tuesday-Blitz-September-05-2023"]
[Site "Chess.com"]
[Date "2023.09.05"]
[Round "2"]
[White "jefferyx"]
[Black "czasnaszachy"]
[Result "1-0"]
[WhiteElo "3029"]
[BlackElo "2497"]
[TimeControl "180+1"]
[EndTime "14:14:56 PDT"]
[Termination "jefferyx won by resignation"]

1. e4 c5 2. Nf3 e6 3. c3 d5 4. e5 d4 5. d3 Nc6 6. g3 Nge7 7. Bg2 Ng6 8. Qe2 Be7 9. O-O Qc7 10. Re1 O-O 11. h4 f6 12. cxd4 cxd4 13. exf6 Bxf6 14. Na3 e5 15. Nd2 Kh8 16. Ne4 Nge7 17. Nc4 Bd7 18. Bd2 Rae8 19. Rac1 Qb8 20. b4 Nc8 21. b5 N6e7 22.
a4 Nd5 23. Nc5 Ndb6 24. Nxb6 Nxb6 25. a5 Bxb5 26. axb6 axb6 27. Ne4 Be7 28. Rb1 Bc6 29.
Rxb6 Qc7 30. Reb1 Ra8 31. Bg5 1-0

[Event "Late-Titled-Tuesday-Blitz-September-05-2023"]
[Site "Chess.com"]
[Date "2023.09.05"]
[Round "2"]
[White "petr577"]
[Black "reevecanada"]
[Result "0-1"]
[WhiteElo "2333"]
[BlackElo "2547"]
[TimeControl "180+1"]
[EndTime "14:14:57 PDT"]
[Termination "reevecanada won by checkmate"]

1. d4 Nf6 2. Bg5 Ne4 3. Bf4 d5 4. f3 Nd6 5. Nc3 c6 6. e4 e6 7. Qd3 Be7 8. O-O-O Bg5 9. Bxg5 Qxg5+ 10. Kb1 b5 11. h4 Qe7 12. h5 a5 13. h6 g6 14. e5 Nc4 15. Nh3 Ba6 16. Nf2 b4 17.
Na4 Na3+ 18. bxa3 Bxd3 19. Bxd3 bxa3 20. Nc5 Nd7 21. Nxd7 Qb4+ 22. Kc1 Qc3 23. Nc5 Rb8 24. Ng4 Rb1+ 25. Kxb1 Qb2# 0-1

[Event "Late-Titled-Tuesday-Blitz-September-05-2023"]
[Site "Chess.com"]
[Date "2023.09.05"]
[Round "2"]
[White "Aradhya2000"]
[Black "StellarChessPro"]
[Result "1/2-1/2"]
[WhiteElo "2722"]
[BlackElo "2514"]
[TimeControl "180+1"]
[EndTime "14:15:00 PDT"]
[Termination "Game drawn by repetition"]

1. d4 a6 2. e4 c6 3. Nf3 d5 4. Nc3 dxe4 5. Nxe4 Nf6 6. Nxf6+ exf6 7. Bc4 Bd6 8. Qe2+ Qe7 9. Qxe7+ Kxe7 10. O-O Re8 11.
a4 Kf8 12. a5 Bf5 13. c3 Nd7 14. b4 Re7 15. Bd2 Rae8 16. Rfe1 Rxe1+ 17. Rxe1 Rxe1+ 18. Nxe1 Be6 19. Bd3 g6 20. h4 f5 21. h5 Nf6 22.
hxg6 fxg6 23. f3 Nd5 24. Nc2 Bf4 25. Be1 Bd6 26. c4 Nc7 27. Kf2 Kg7 28. Bc3 Kf7 29. g3 f4 30. g4 h5 31. gxh5 gxh5 32. d5 cxd5 33. c5 Be7 34. Be5 Bh4+ 35. Kg2 Nb5 36. Bxf4 Kf6 37. Bxb5 axb5 38. Nd4 Be1 39. Nc2 Bc3 40. Be3 Ke5 41. Bh6 Kf6 42. Be3 Ke5 43. Bh6 Kf6 44. Be3 1/2-1/2

[Event "Late-Titled-Tuesday-Blitz-September-05-2023"]
[Site "Chess.com"]
[Date "2023.09.05"]
[Round "2"]
[White "BeautiFullMindChess"]
[Black "Malev212"]
[Result "1/2-1/2"]
[WhiteElo "2348"]
[BlackElo "2647"]
[TimeControl "180+1"]
[EndTime "14:15:12 PDT"]
[Termination "Game drawn by repetition"]

1. e4 c6 2. d4 d5 3. exd5 cxd5 4. Bd3 Nc6 5. c3 Qc7 6. h3 e6 7.
Nf3 Bd6 8. O-O Nge7 9. Na3 Bxa3 10. bxa3 O-O 11. Bxh7+ Kxh7 12. Ng5+ Kg6 13. Qg4 f5 14. Qh4 Bd7 15. Qh7+ Kf6 16. Qh5 Ng6 17. Nh7+ Kf7 18.
Ng5+ Kf6 19. Nh7+ Kf7 20. Ng5+ Kf6 1/2-1/2

[Event "Late-Titled-Tuesday-Blitz-September-05-2023"]
[Site "Chess.com"]
[Date "2023.09.05"]
[Round "2"]
[White "nihalsarin"]
[Black "GianmarcoVaR"]
[Result "1-0"]
[WhiteElo "3144"]
[BlackElo "2624"]
[TimeControl "180+1"]
[EndTime "14:15:15 PDT"]
[Termination "nihalsarin won by resignation"]

1. a3 Nf6 2. Nf3 d5 3. b3 a5 4. Bb2 Bg4 5. e3 c6 6. h3 Bh5 7.
c4 e6 8. d4 Nbd7 9. Nbd2 Bd6 10. Be2 Qb8 11. O-O O-O 12. c5 Bc7 13. b4 axb4 14. axb4 Ne4 15. b5 f5 16. b6 Bd8 17.
Rxa8 Qxa8 18. Qc2 g5 19. Ra1 Qb8 20. Nxe4 fxe4 21. Ne5 Nxe5 22. dxe5 Bxe2 23. Qxe2 Qc8 24. Bd4 Qd7 25. Ra7 Qf7 26. Ra2 h5 27. Ra7 Kh7 28. Kf1 Kh6 29. Ke1 Rg8 30. Kd1 g4 31. hxg4 hxg4 32. g3 Kg5 33. Kd2 Kf5 34. Kc3 Rh8 35. Ra8 Bf6 36. Ra7 Bxe5 37. Bxe5 Kxe5 38. Qxg4 Rh7 39. Rxb7 1-0

[Event "Late-Titled-Tuesday-Blitz-September-05-2023"]
[Site "Chess.com"]
[Date "2023.09.05"]
[Round "2"]
[White "venturov"]
[Black "Dewarfd"]
[Result "0-1"]
[WhiteElo "2425"]
[BlackElo "2194"]
[TimeControl "180+1"]
[EndTime "14:15:19 PDT"]
[Termination "Dewarfd won by resignation"]

1. e4 e5 2. Nf3 Nc6 3. Bc4 Nf6 4. d3 Be7 5. c3 d5 6. exd5 Nxd5 7. Nbd2 O-O 8. Ne4 f5 9. Ng3 Be6 10. Bd2 Nf4 11.
Bxf4 Bxc4 12. Nxe5 Nxe5 13. dxc4 Nd3+ 14. Kf1 Nxf4 15.
Qf3 Qd3+ 16. Qxd3 Nxd3 17. b3 Bf6 18. Ke2 Nf4+ 19. Kf3 Ng6 20. Rac1 Rad8 21. Rhd1 Rxd1 22. Rxd1 Rd8 23. Rxd8+ Bxd8 24. Nxf5 Kf7 25. Ke4 Bf6 26. Nd4 Bxd4 27. cxd4 Ke6 28. f4 Ne7 29. g4 c6 30.
h4 h5 31. f5+ Kf6 32. g5+ Kf7 33. d5 cxd5+ 34. cxd5 g6 35. f6 Nf5 36. Ke5 Nxh4 37. d6 Nf3+ 38. Kf4 Nd4 39. d7 Ne6+ 40. Kg3 Nd8 41.
Kf4 Ke6 42. Ke4 Kxd7 43. Ke5 Nf7+ 44. Kd5 Nxg5 45. Ke5 Nf7+ 0-1

[Event "Late-Titled-Tuesday-Blitz-September-05-2023"]
[Site "Chess.com"]
[Date "2023.09.05"]
[Round "2"]
[White "Leo_C"]
[Black "FairChess_on_YouTube"]
[Result "0-1"]
[WhiteElo "2601"]
[BlackElo "3055"]
[TimeControl "180+1"]
[EndTime "14:15:20 PDT"]
[Termination "FairChess_on_YouTube won by resignation"]

1. d4 Nf6 2. c4 g6 3. Nc3 Bg7 4. e4 O-O 5. h3 d6 6. Be3 Nc6 7. Nf3 e5 8. d5 Nd4 9. Nxd4 exd4 10.
Bxd4 Re8 11. Bd3 Bf5 12. O-O Nxe4 13. Bxg7 Kxg7 14. Bxe4 Bxe4 15. Re1 Bf5 16. Qd4+ Qf6 17. Qxf6+ Kxf6 18. Nb5 Bd7 19. Nd4 a6 20. f4 b5 21. b3 bxc4 22. bxc4 Rxe1+ 23. Rxe1 Rb8 24. Nb3 Rb4 25. Rc1 Ra4 26. Rc2 Bf5 27. Rc1 Rxa2 28. c5 Be4 29. cxd6 cxd6 30. Rc6 Rxg2+ 31. Kf1 Rg3 32. Rxd6+ Ke7 33. Nc5 Bd3+ 0-1

[Event "Late-Titled-Tuesday-Blitz-September-05-2023"]
[Site "Chess.com"]
[Date "2023.09.05"]
[Round "2"]
[White "AleksanderHnydiuk"]
[Black "kleinebeer98"]
[Result "0-1"]
[WhiteElo "2534"]
[BlackElo "2844"]
[TimeControl "180+1"]
[EndTime "14:15:25 PDT"]
[Termination "kleinebeer98 won by resignation"]

1. d4 Nf6 2. c4 a6 3. Nc3 b5 4. cxb5 axb5 5. Nxb5 e5 6. dxe5 Ne4 7. Nc3 Bb4 8. Qd4 Ra4 9. Qd3 d5 10. Bd2 Nxd2 11. Qxd2 d4 12. O-O-O c5 13. e3 O-O 14. exd4 Rxa2 15. dxc5 Ra1+ 16. Kc2 Bf5+ 17. Bd3 Bxc3 18.
Kxc3 Qa5+ 19. Kc2 Qa4+ 20. Kc3 Rxd1 0-1

[Event "Late-Titled-Tuesday-Blitz-September-05-2023"]
[Site "Chess.com"]
[Date "2023.09.05"]
[Round "2"]
[White "Evhen_Taranenko"]
[Black "ilya2700"]
[Result "0-1"]
[WhiteElo "2451"]
[BlackElo "2246"]
[TimeControl "180+1"]
[EndTime "14:15:25 PDT"]
[Termination "ilya2700 won by resignation"]

1. e4 e5 2. Nf3 Nc6 3. c3 Nf6 4. d4 exd4 5. e5 Nd5 6. cxd4 d6 7. exd6 Bxd6 8. Nc3 Nxc3 9. bxc3 O-O 10. Bd3 Re8+ 11. Be3 Bg4 12. O-O Qf6 13. Be2 Qg6 14. Kh1 Qh5 15. g3 Bxg3 16. fxg3 Rxe3 17. Kg2 Rae8 18. Rf2 Rxe2 19. Rxe2 Bxf3+ 0-1

[Event "Late-Titled-Tuesday-Blitz-September-05-2023"]
[Site "Chess.com"]
[Date "2023.09.05"]
[Round "2"]
[White "Druid24"]
[Black "Akhayan"]
[Result "1/2-1/2"]
[WhiteElo "2666"]
[BlackElo "2369"]
[TimeControl "180+1"]
[EndTime "14:15:33 PDT"]
[Termination "Game drawn by repetition"]

1. d4 Nf6 2. Bg5 g6 3. Nd2 Bg7 4. e4 d6 5. Bd3 O-O 6. Ngf3 Nc6 7. c3 Bg4 8. h3 Bxf3 9. Qxf3 h6 10. Be3 e5 11. d5 Ne7 12. O-O-O c6 13. dxc6 bxc6 14.
g4 Nh7 15. h4 Rb8 16. h5 g5 17. Nf1 Qa5 18. Bb1 Rxb2 19. Kxb2 Rb8+ 20. Kc2 Qa4+ 21. Kd2 Rb2+ 22. Ke1 Qb5 23. Nd2 d5 24. Qe2 Qa5 25. Nb3 Rxe2+ 26. Kxe2 Qxc3 27. Rc1 Qb2+ 28. Rc2 Qa3 29.
Bc5 Qa6+ 30. Ke1 Bf8 31. Rh3 d4 32. Rc1 Nc8 33. Bd3 Qxa2 34. Bxf8 Nxf8 35. Bc4 Qa3 36.
Ra1 Qb4+ 37. Nd2 Nd6 38. Rb1 Qa5 39. Bb3 c5 40. Kd1 c4 41. Nxc4 Nxc4 42. Bxc4 Qa4+ 43. Bb3 Qc6 44. Bd5 Qa4+ 45. Bb3 Qc6 46. Bd5 Qa4+ 47. Bb3 1/2-1/2

[Event "Late-Titled-Tuesday-Blitz-September-05-2023"]
[Site "Chess.com"]
[Date "2023.09.05"]
[Round "2"]
[White "CraiggoryC"]
[Black "Sjakkerntobi"]
[Result "0-1"]
[WhiteElo "2225"]
[BlackElo "2462"]
[TimeControl "180+1"]
[EndTime "14:15:33 PDT"]
[Termination "Sjakkerntobi won by resignation"]

1. e4 e6 2. d4 d5 3. e5 c5 4. c3 Qb6 5. Nf3 Bd7 6. Bd3 Bb5 7. dxc5 Bxc5 8. b4 Bf8 9. O-O Bxd3 10.
Qxd3 Ne7 11. Be3 Qc7 12. Na3 a6 13. Nc2 Nbc6 14. Bd4 Ng6 15. Rfe1 Be7 16. a4 O-O 17. b5 Na5 18. g3 Rfc8 19. Rab1 Qc4 20. Qd1 Qxa4 21.
bxa6 Rxa6 22. h4 h6 23. h5 Nf8 24. Nh2 Nb3 25. Ng4 Nxd4 26. Nxd4 Qxd1 27. Rexd1 Rxc3 28. Rxb7 Bc5 29. Rb8 Ra4 30. Nb3 Rxg4 31. Rc8 Bxf2+ 32.
Kxf2 Rxc8 0-1

[Event "Late-Titled-Tuesday-Blitz-September-05-2023"]
[Site "Chess.com"]
[Date "2023.09.05"]
[Round "2"]
[White "RzayevB"]
[Black "Noki102"]
[Result "1-0"]
[WhiteElo "2704"]
[BlackElo "2436"]
[TimeControl "180+1"]
[EndTime "14:15:34 PDT"]
[Termination "RzayevB won by resignation"]

1. d4 d5 2. c4 e6 3. cxd5 exd5 4. Nc3 Nf6 5. Bg5 a6 6. e3 Be6 7. Bd3 Nbd7 8. Nge2 Bd6 9. Qc2 O-O 10. Bxh7+ Kh8 11.
Bf5 Qe7 12. h4 g6 13. Bd3 Qe8 14. h5 Nxh5 15. Bh6 Ng7 16. O-O-O Kg8 17. e4 dxe4 18.
Nxe4 Qe7 19. Qd2 Bf5 20. Bxg7 1-0

[Event "Late-Titled-Tuesday-Blitz-September-05-2023"]
[Site "Chess.com"]
[Date "2023.09.05"]
[Round "2"]
[White "thedjoker98"]
[Black "Sibelephant"]
[Result "1/2-1/2"]
[WhiteElo "2632"]
[BlackElo "3115"]
[TimeControl "180+1"]
[EndTime "14:15:35 PDT"]
[Termination "Game drawn by repetition"]

1. d4 Nf6 2. c4 e6 3. Nc3 d5 4. cxd5 exd5 5. Bg5 c6 6. e3 h6 7. Bh4 Be7 8. Bd3 O-O 9. Qc2 Re8 10. Nf3 Ne4 11. Bxe7 Qxe7 12. O-O Nd7 13. b4 Ndf6 14.
b5 cxb5 15. Bxb5 Bd7 16. Bxd7 Qxd7 17. Rfc1 Rac8 18. Qb3 Nxc3 19. Rxc3 Rxc3 20. Qxc3 Rc8 21. Qb3 b6 22. Ne5 Qf5 23. Nd3 Ne4 24. Nf4 Nc3 25.
Rc1 g5 26. h3 gxf4 27. Rxc3 Rxc3 28. Qxc3 Qb1+ 29. Kh2 Qxa2 30. Qc8+ Kg7 31. Qg4+ Kf8 32. Qc8+ Kg7 33. Qg4+ Kf8 34. Qc8+ Kg7 1/2-1/2

[Event "Late-Titled-Tuesday-Blitz-September-05-2023"]
[Site "Chess.com"]
[Date "2023.09.05"]
[Round "2"]
[White "Sina_Movahed"]
[Black "JaloliddinIlkhomi"]
[Result "1-0"]
[WhiteElo "2979"]
[BlackElo "2577"]
[TimeControl "180+1"]
[EndTime "14:15:37 PDT"]
[Termination "Sina_Movahed won by resignation"]

1. Nf3 Nf6 2. c4 e6 3. g3 b6 4. Bg2 Bb7 5. O-O Be7 6. d4 O-O 7. Nc3 Ne4 8. Bd2 Nxc3 9. Bxc3 d6 10. Rc1 Nd7 11. b3 f5 12. Bh3 Nf6 13. d5 exd5 14. Bxf6 Bxf6 15. cxd5 Qd7 16. e3 Rac8 17. Qd3 g6 18. Rfd1 Qf7 19. Bg2 Rfe8 20. Nd2 h5 21. h4 Re7 22. a4 a5 23. Nc4 Rce8 24. Rc2 Kg7 25. Na3 f4 26. exf4 Re1+ 27. Rxe1 Rxe1+ 28. Kh2 Re7 29. Qd2 Ba6 30. Bh3 Qe8 31. Be6 Bc8 32.
Bxc8 Qxc8 33. Nb5 Bxh4 34. gxh4 Qg4 35. Qc3+ Kh7 36. Qg3 Qf5 37. Rxc7 Rxc7 38. Nxc7 Qc2 39. Ne6 1-0

[Event "Late-Titled-Tuesday-Blitz-September-05-2023"]
[Site "Chess.com"]
[Date "2023.09.05"]
[Round "2"]
[White "MagnusCarlsen"]
[Black "DenishevM"]
[Result "1-0"]
[WhiteElo "3257"]
[BlackElo "2630"]
[TimeControl "180+1"]
[EndTime "14:15:40 PDT"]
[Termination "MagnusCarlsen won by resignation"]

1. e4 c5 2. Nf3 d6 3. d4 cxd4 4. Nxd4 Nf6 5. Nc3 a6 6. h3 e6 7. g4 h6 8. Bg2 Nc6 9. Nxc6 bxc6 10. e5 Nd5 11. exd6 Bxd6 12. Ne4 Be7 13. c4 Nb4 14.
Qxd8+ Bxd8 15. Ke2 O-O 16. Rd1 e5 17. Be3 Nc2 18.
Bc5 Re8 19. Nd6 Re6 20. Bxc6 Rb8 21. Nxc8 Rxc6 22. Rxd8+ Kh7 23. Ne7 Rxc5 24. Rxb8 Nxa1 25. Kd3 e4+ 26. Kc3 Re5 27. Nd5 f5 28. b4 fxg4 29.
hxg4 h5 30. gxh5 Rxh5 31. Kb2 Rh1 32. Re8 1-0

[Event "Late-Titled-Tuesday-Blitz-September-05-2023"]
[Site "Chess.com"]
[Date "2023.09.05"]
[Round "2"]
[White "2346PL"]
[Black "a-z30"]
[Result "0-1"]
[WhiteElo "2480"]
[BlackElo "2307"]
[TimeControl "180+1"]
[EndTime "14:15:43 PDT"]
[Termination "a-z30 won by resignation"]

1. Nf3 d6 2. d4 Nf6 3. g3 g6 4. Bg2 Bg7 5. c4 O-O 6. O-O c6 7. Nc3 Bf5 8. Nd2 d5 9. Qb3 Qb6 10. Qxb6 axb6 11. cxd5 cxd5 12. Nxd5 Nxd5 13. Bxd5 Nc6 14. e3 Rfd8 15. Be4 Bxe4 16. Nxe4 e5 17. dxe5 Nxe5 18. Kg2 Nd3 19. Nc3 Rac8 20. a4 Bxc3 21.
bxc3 Rxc3 22. Bd2 Rc2 23. Rfd1 Nb2 24. Rdc1 Rdxd2 25. Rxc2 Rxc2 26. a5 bxa5 27. Rxa5 Nd3 28. Kh3 Nxf2+ 29. Kh4 Rc4+ 30. Kg5 Kg7 0-1

[Event "Late-Titled-Tuesday-Blitz-September-05-2023"]
[Site "Chess.com"]
[Date "2023.09.05"]
[Round "2"]
[White "IMSlavin"]
[Black "archess2"]
[Result "1-0"]
[WhiteElo "2159"]
[BlackElo "2356"]
[TimeControl "180+1"]
[EndTime "14:15:43 PDT"]
[Termination "IMSlavin won by resignation"]

1. e4 c5 2. g3 g6 3. Bg2 Bg7 4. Ne2 Nc6 5. O-O d6 6. Nbc3 e6 7. a3 Nge7 8. Rb1 O-O 9. b4 b6 10. d3 Nd4 11. Nxd4 cxd4 12. Ne2 e5 13. f4 Qc7 14.
Bb2 Bd7 15. c4 dxc3 16. Nxc3 Rac8 17. Rc1 exf4 18. Nd5 Qd8 19. Bxg7 Kxg7 20. Rxc8 Bxc8 21. Qa1+ f6 22. Nxe7 Qxe7 23. Rxf4 Qe5 24. d4 Qb5 25. Bf1 Qc6 26. Qe1 Bb7 27. Bg2 Qc4 28. Qe3 Re8 29. Rf1 Qe6 30. Re1 Rc8 31. Qf4 Rc2 32. h4 Qa2 33. Qf3 Rf2 34. Qxf2 Qxa3 35. e5 1-0

[Event "Late-Titled-Tuesday-Blitz-September-05-2023"]
[Site "Chess.com"]
[Date "2023.09.05"]
[Round "2"]
[White "wadsy27"]
[Black "Jospem"]
[Result "0-1"]
[WhiteElo "2597"]
[BlackElo "3042"]
[TimeControl "180+1"]
[EndTime "14:15:46 PDT"]
[Termination "Jospem won by resignation"]

1. c4 c5 2. g3 Nc6 3. Bg2 g6 4. Nc3 Bg7 5. Nf3 d6 6. O-O e6 7. e3 Nge7 8. d4 O-O 9. Re1 Rb8 10. b3 b6 11. Bb2 Bb7 12. Qd2 cxd4 13. exd4 d5 14.
Rad1 dxc4 15. bxc4 Na5 16. Qe2 Rc8 17. Ne5 Bxg2 18. Kxg2 Nf5 19. d5 Bxe5 20. Qxe5 Nxc4 21. Qe2 Nxb2 22. Qxb2 Qf6 23. dxe6 Qxc3 24. Qxc3 Rxc3 25. e7 Re8 26. Rd8 Ng7 27. Red1 f6 28. R1d7 Ra3 29.
h4 Kf7 0-1

[Event "Late-Titled-Tuesday-Blitz-September-05-2023"]
[Site "Chess.com"]
[Date "2023.09.05"]
[Round "2"]
[White "Fleetw00dMac"]
[Black "HeinichessPY"]
[Result "1-0"]
[WhiteElo "2460"]
[BlackElo "2220"]
[TimeControl "180+1"]
[EndTime "14:15:46 PDT"]
[Termination "Fleetw00dMac won by resignation"]

1. d4 d5 2. c4 e6 3. Nc3 Nf6 4. cxd5 exd5 5. Bg5 Be7 6. e3 O-O 7. Bd3 c5 8. dxc5 Bxc5 9. Nge2 h6 10. Bh4 Nc6 11.
O-O Ne5 12. Bc2 Be6 13. Bb3 g5 14. Bg3 Nc4 15. Bxc4 dxc4 16. Be5 Nd5 17. Ne4 Be7 18. Nd4 Qd7 19. Qh5 f5 20. Qxh6 Bb4 21. Nxe6 fxe4 22. Qg6+ 1-0

[Event "Late-Titled-Tuesday-Blitz-September-05-2023"]
[Site "Chess.com"]
[Date "2023.09.05"]
[Round "2"]
[White "NeverW84M8"]
[Black "Hikaru"]
[Result "0-1"]
[WhiteElo "2627"]
[BlackElo "3247"]
[TimeControl "180+1"]
[EndTime "14:15:47 PDT"]
[Termination "Hikaru won by resignation"]

1. d4 a6 2. Nf3 Nf6 3. Nc3 b5 4.
Bg5 Bb7 5. e3 e6 6. Bd3 b4 7.
Ne2 c5 8. c4 h6 9. Bh4 cxd4 10.
Nexd4 d6 11. Bc2 Nbd7 12. Ba4 Be7 13. Nc6 Bxc6 14. Bxc6 Rc8 15. Bb7 Rxc4 16. Bxa6 Rc5 17. Bd3 O-O 18. O-O Nh5 19. Bg3 Nxg3 20. hxg3 Bf6 21.
Qe2 Qb6 22. Rac1 Ra8 23. Rxc5 Nxc5 24. Bb1 b3 25. axb3 Qxb3 26. Nd4 Qb4 27. Rd1 Rb8 28. Qc2 Rb6 29. Qh7+ Kf8 30. Qh8+ Ke7 31. Qc8 Qa4 32. Qc7+ Nd7 33. Bc2 Qa8 34. Rc1 Bxd4 35. exd4 Rc6 0-1

[Event "Late-Titled-Tuesday-Blitz-September-05-2023"]
[Site "Chess.com"]
[Date "2023.09.05"]
[Round "2"]
[White "Firouzja2003"]
[Black "djano"]
[Result "1-0"]
[WhiteElo "3117"]
[BlackElo "2621"]
[TimeControl "180+1"]
[EndTime "14:15:48 PDT"]
[Termination "Firouzja2003 won by checkmate"]

1. e4 c5 2. Nf3 Nc6 3. d4 cxd4 4. Nxd4 Nf6 5. Nc3 e5 6. Ndb5 d6 7. Nd5 Nxd5 8. exd5 Nb8 9. a4 Be7 10. Be2 O-O 11.
O-O f5 12. a5 a6 13. Na3 Qxa5 14. Bd2 Qd8 15. Nc4 Nd7 16. Bb4 Rf6 17. f4 Rh6 18. fxe5 dxe5 19. d6 Bg5 20. Rxf5 Nb6 21. d7 Nxd7 22. Qd5+ Kh8 23. Raf1 Bf6 24. Nd6 Qb6+ 25. Kh1 Rxh2+ 26. Kxh2 Qxb4 27. Nf7+ Kg8 28. Nh6+ Kh8 29. Qg8# 1-0

[Event "Late-Titled-Tuesday-Blitz-September-05-2023"]
[Site "Chess.com"]
[Date "2023.09.05"]
[Round "2"]
[White "allvim"]
[Black "ural58"]
[Result "0-1"]
[WhiteElo "2321"]
[BlackElo "2512"]
[TimeControl "180+1"]
[EndTime "14:15:48 PDT"]
[Termination "ural58 won by resignation"]

1. e4 d5 2. exd5 Qxd5 3. Nc3 Qd6 4. d4 c6 5. Bc4 Be6 6. Bxe6 Qxe6+ 7. Qe2 Qxe2+ 8. Ngxe2 e6 9. Bf4 Nd7 10. O-O-O Ngf6 11. Rhe1 Bb4 12. a3 Ba5 13. b4 Bb6 14. Na4 Nd5 15.
Bd6 Bc7 16. Bxc7 Nxc7 17. c4 a5 18. Nac3 axb4 19. axb4 Nb6 20. c5 Nbd5 21. Nxd5 Nxd5 22. Kb2 Nxb4 23. Nc3 Ke7 24. Kb3 Nd5 25. Nxd5+ cxd5 26. Ra1 Kd7 27. Reb1 Kc6 28. Kc3 Rxa1 29. Rxa1 b6 30. Ra6 Rb8 31. Kb4 g5 32. Kc3 f6 33. Ra7 Rb7 34. Ra8 bxc5 35. dxc5 Kxc5 36. Rf8 f5 37.
Rg8 g4 38. Re8 Kd6 39. Rd8+ Ke5 40. Kd3 Rb2 0-1

[Event "Late-Titled-Tuesday-Blitz-September-05-2023"]
[Site "Chess.com"]
[Date "2023.09.05"]
[Round "2"]
[White "alexrustemov"]
[Black "ketster"]
[Result "1-0"]
[WhiteElo "2881"]
[BlackElo "2547"]
[TimeControl "180+1"]
[EndTime "14:15:51 PDT"]
[Termination "alexrustemov won on time"]

1. d4 d5 2. c4 dxc4 3. Nf3 a6 4. e3 Bg4 5. Bxc4 e6 6. h3 Bh5 7. Nc3 Nc6 8. O-O Nf6 9. Re1 Bd6 10. e4 e5 11. g4 Nxg4 12. hxg4 Bxg4 13. dxe5 Nxe5 14.
Be2 Bxf3 15. Bxf3 Qh4 16. Bg2 Ng4 17. Qe2 O-O-O 18. Be3 Qh2+ 19. Kf1 h5 20. Qf3 Nxe3+ 21. Rxe3 c6 22. Qh3+ Qxh3 23. Bxh3+ Kc7 24. Rd1 g5 25. Bf5 g4 26. Red3 f6 27. Ne2 Rhg8 28. Nd4 Kb6 29. Ne6 1-0

[Event "Late-Titled-Tuesday-Blitz-September-05-2023"]
[Site "Chess.com"]
[Date "2023.09.05"]
[Round "2"]
[White "zajka-molotok"]
[Black "ShiroglanTalibov"]
[Result "0-1"]
[WhiteElo "2523"]
[BlackElo "2782"]
[TimeControl "180+1"]
[EndTime "14:15:55 PDT"]
[Termination "ShiroglanTalibov won on time"]

1. d4 Nf6 2. Nf3 d5 3. g3 Bf5 4.
Bg2 Nbd7 5. O-O Nb6 6. Ne5 c6 7.
a4 a5 8. c4 dxc4 9. Na3 e6 10.
Naxc4 Nxc4 11. Nxc4 Bb4 12. Bg5 h6 13. Bxf6 Qxf6 14.
e4 Bh7 15. Qd3 Rd8 16. Rad1 c5 17. d5 exd5 18. Nb6 Qxb6 19. Qb5+ Qxb5 20. axb5 Bxe4 21. Bh3 O-O 0-1

[Event "Late-Titled-Tuesday-Blitz-September-05-2023"]
[Site "Chess.com"]
[Date "2023.09.05"]
[Round "2"]
[White "hammahamma"]
[Black "AquivaRubinstein"]
[Result "0-1"]
[WhiteElo "2277"]
[BlackElo "2488"]
[TimeControl "180+1"]
[EndTime "14:15:56 PDT"]
[Termination "AquivaRubinstein won by resignation"]

1. e4 Nf6 2. e5 Nd5 3. d4 d6 4. c4 Nb6 5. exd6 cxd6 6. Nf3 g6 7.
Nc3 Bg7 8. Be2 O-O 9. O-O Bg4 10. h3 Bxf3 11. Bxf3 Nc6 12. Bxc6 bxc6 13. Be3 Nxc4 14. Qe2 Nxe3 15. Qxe3 Rb8 16. Rab1 d5 17. b3 c5 18. Ne2 cxd4 19. Nxd4 Qb6 20. Rfd1 e5 21. Nc2 Rfc8 22. Ne1 Qxe3 23. fxe3 Rb5 24. Rd2 Bh6 25. Rd3 e4 0-1

[Event "Late-Titled-Tuesday-Blitz-September-05-2023"]
[Site "Chess.com"]
[Date "2023.09.05"]
[Round "2"]
[White "Defend1r"]
[Black "Durarbayli"]
[Result "0-1"]
[WhiteElo "2538"]
[BlackElo "2865"]
[TimeControl "180+1"]
[EndTime "14:15:59 PDT"]
[Termination "Durarbayli won by resignation"]

1. e4 c5 2. Nf3 d6 3. c3 Nf6 4. h3 Nc6 5. Bd3 e6 6. Bc2 d5 7. exd5 Nxd5 8. d4 cxd4 9. Nxd4 Bd6 10. Nxc6 bxc6 11. O-O Ba6 12. Bd3 Bb7 13. Nd2 O-O 14. Nc4 Bc7 15. Qc2 h6 16. Rd1 c5 17.
Be4 Qh4 18. Nd2 f5 19. Bf3 Rad8 20. Nf1 Ba8 21. Re1 e5 22. Bxd5+ Bxd5 23. Ne3 Be4 24. Qb3+ Kh7 25. Qc4 Qf6 26. Qxc5 Bb6 27. Qc4 Qg6 28. g3 f4 29. Ng4 fxg3 30. Rxe4 gxf2+ 31. Kg2 f1=Q+ 32. Qxf1 Qxe4+ 0-1

[Event "Late-Titled-Tuesday-Blitz-September-05-2023"]
[Site "Chess.com"]
[Date "2023.09.05"]
[Round "2"]
[White "Tomytoteph"]
[Black "drinbet"]
[Result "1-0"]
[WhiteElo "2639"]
[BlackElo "2251"]
[TimeControl "180+1"]
[EndTime "14:16:01 PDT"]
[Termination "Tomytoteph won by checkmate"]

1. e4 c5 2. Nf3 e6 3. d4 cxd4 4. Nxd4 Ne7 5. Bd3 Nbc6 6. Nf3 Ng6 7. O-O d6 8. Qe2 Be7 9. Nc3 O-O 10. Be3 a6 11. a4 d5 12. exd5 exd5 13. Rfd1 Be6 14. Rd2 Re8 15. Rad1 Bb4 16. Bxg6 hxg6 17. Nd4 Ne5 18.
Nxe6 fxe6 19. Rd4 Bxc3 20. bxc3 Qa5 21. Bf4 Nc4 22. Bg3 Qxc3 23. Qg4 Nb2 24. Rf1 Qxc2 25. Rb4 b5 26. axb5 axb5 27. Rxb5 Nc4 28. Rb7 Qf5 29. Qd4 Rad8 30. Qxg7# 1-0

[Event "Late-Titled-Tuesday-Blitz-September-05-2023"]
[Site "Chess.com"]
[Date "2023.09.05"]
[Round "2"]
[White "Bilan_Danila"]
[Black "baag"]
[Result "0-1"]
[WhiteElo "2519"]
[BlackElo "2776"]
[TimeControl "180+1"]
[EndTime "14:16:08 PDT"]
[Termination "baag won by resignation"]

1. d4 Nf6 2. Nf3 c5 3. e3 g6 4. c3 Bg7 5. Nbd2 b6 6. Bc4 O-O 7. O-O Bb7 8. a4 d5 9. Bd3 Ne4 10. Qc2 Nd6 11. Ne5 Nc6 12. f4 Rc8 13. Qd1 f6 14.
Nxg6 hxg6 15. Bxg6 f5 16. Qh5 Rf6 17. Nf3 e6 18.
Ng5 Ne7 19. Bh7+ Kf8 20. Qh3 Rh6 21. Qf3 Ne4 22. g4 Nxg5 23. fxg5 Rxh7 24. gxf5 Nxf5 25. e4 dxe4 26. Qg4 cxd4 27. Bf4 Kg8 28. g6 Rh4 29.
Qg2 dxc3 30. Bg5 Qd4+ 31. Kh1 cxb2 32. Bxh4 bxa1=Q 33. Rxa1 Qxa1+ 0-1